 Dungeon Crawl Stone Soup version 0.31-a0-182-gc5ef74bbde (webtiles) character file.

Game seed: 18113940181734582125

11416 qw the Blocker (level 11, -9/60 HPs)
             Began as a Gargoyle Fighter on June 20, 2023.
             Was an Elder of Okawaru.
             Mangled by an eight-headed hydra (10 damage)
             ... on level 2 of the Lair of Beasts.
             The game lasted 00:04:50 (8999 turns).

qw the Blocker (Gargoyle Fighter)                   Turns: 8999, Time: 00:04:50

Health: -9/60      AC: 25    Str: 30    XL:     11   Next: 77%
Magic:  15/16      EV:  9    Int:  7    God:    Okawaru [****..]
Gold:   460        SH: 20    Dex:  9    Spells: 10/10 levels left

rFire   . . .        e - +0 flail
rCold   . . .        l - +2 tower shield
rNeg    + . .        g - +1 plate armour
rPois   inf          j - +0 helmet
rElec   +            (no cloak)
rCorr   .            (no gloves)
SInv    .            (no boots)
Will    .....        (no amulet) Stlth
                     f - +6 ring of strength
HPRegen 0.30/turn    (no ring)
MPRegen 0.15/turn

%: no passive effects
@: about to teleport, heroic
A: sickness immunity, AC +8, negative energy resistance 1, electricity
resistance, torment resistance 1, petrification resistance, dopey 1, frail 1
a: Renounce Religion, Heroism, Finesse


You were on level 2 of the Lair of Beasts.
You worshipped Okawaru.
Okawaru was greatly pleased with you.
You visited 3 branches of the dungeon, and saw 12 of its levels.

You collected 460 gold pieces.


Innate Abilities, Weirdness & Mutations

You are immune to sickness and miasma.
Your stone body is resilient. (AC +8)
You are immune to poison.
You resist negative energy. (rN+)
You are resistant to electric shocks. (rElec)
You are resistant to unholy torment.
You are immune to petrification.
You are dopey. (Int -2)
You are frail. (-10% HP)


   Skills:
 - Level 7.0(12.0) Fighting
 - Level 10.0(15.0) Axes
 - Level 1.2(6.2) Throwing
 - Level 6.0(11.0) Armour
 - Level 1.4(6.4) Dodging
 + Level 12.4(17.4) Shields
 + Level 7.2 Invocations


You had 10 spell levels left.
You didn't know any spells.
Your spell library was empty.

Inventory:

Hand Weapons
 e - a +0 flail (weapon)
 Y - a +3 war axe
Missiles
 b - 7 boomerangs (quivered)
Armour
 g - a +1 plate armour (worn)
 j - a +0 helmet (worn)
 l - a +2 tower shield (worn)
Jewellery
 f - a +6 ring of strength (left hand)
 i - a ring of ice
 r - a ring of fire
 s - a ring of fire
Wands
 o - a wand of digging (7)
Scrolls
 a - a scroll of identify
 t - a scroll of teleportation
 w - a scroll of brand weapon {unknown}
Potions
 c - 2 potions of lignification
 d - 2 potions of might
 h - 2 potions of heal wounds
 k - 2 potions of attraction
 m - a potion of cancellation
 n - a potion of enlightenment
 p - a potion of haste
 q - 5 potions of curing
 u - a potion of magic {unknown}
 v - a potion of resistance {unknown}

Dungeon Overview and Level Annotations

Branches:
Dungeon (9/15)             Temple (1/1) D:5            Lair (2/5) D:9
  Swamp: Lair:2-3    Shoals: Lair:2-3     Snake: Lair:2-3    Spider: Lair:2-3
    Orc: D:9-12

Altars:
Ashenzari
Cheibriados
Dithmenos
Elyvilon
Fedhas
Gozag
Hepliaklqana
Kikubaaqudgha
Makhleb
Nemelex Xobeh
Okawaru
Qazlal
Ru
Sif Muna
Trog
Uskayaw
Vehumet
Xom
Zin
The Shining One

Shops:
D:7 :


Message History

The eight-headed hydra bites you but does no damage.
You block the eight-headed hydra's attack.
The eight-headed hydra closely misses you.
You block the eight-headed hydra's attack.
The eight-headed hydra closely misses you.
The eight-headed hydra bites you!
You barely miss the eight-headed hydra. The eight-headed hydra misses you.
You block the eight-headed hydra's attack. x2
The eight-headed hydra bites you!
The eight-headed hydra bites you but does no damage.
You block the eight-headed hydra's attack.
The eight-headed hydra bites you but does no damage. x2
You thump the eight-headed hydra!
The eight-headed hydra is lightly wounded.
The eight-headed hydra bites you but does no damage.
The eight-headed hydra barely misses you.
You block the eight-headed hydra's attack. x2
The eight-headed hydra bites you.
The eight-headed hydra closely misses you.
You block the eight-headed hydra's attack.
The eight-headed hydra bites you!
You sock the eight-headed hydra!
The eight-headed hydra is moderately wounded.
The eight-headed hydra completely misses you.
The eight-headed hydra bites you.
You block the eight-headed hydra's attack.
The eight-headed hydra bites you! The eight-headed hydra bites you.
You block the eight-headed hydra's attack.
The eight-headed hydra bites you but does no damage.
You block the eight-headed hydra's attack.
8999 ||| READING 2 scrolls of teleportation.
As you read the scroll of teleportation, it crumbles to dust.
You feel strangely unstable.
The eight-headed hydra bites you but does no damage.
The eight-headed hydra closely misses you.
The eight-headed hydra bites you but does no damage.
You block the eight-headed hydra's attack. x2
The eight-headed hydra bites you!
You die...

##.. ... ... ###..#.. ..
# ......... ..##
.#...#.... .....###..#
#...## .. .. .......#
#..#.##... .. #....##
#..@#..... #. #.....#
###..D.....#
#.###P....###...##P....#
#........##...## ##..#.
#...###......## ...
##.P## #......# .. ##.##
#.......P# . ....##
#.....#..# .....#
#.####.#..P


You could see an eight-headed hydra.

Vanquished Creatures
  A boulder beetle (D:9)
  2 two-headed ogres
  A rime drake (Lair:2)
  A cane toad (Lair:1)
  2 kobold demonologists (D:9)
  3 polar bears (Lair:2)
  A hornet (D:8)
  2 wyverns
  2 steam dragons
  9 yaks
  A basilisk (Lair:1)
  Menkaure (D:5)
  An acid dragon (D:8)
  2 water moccasins
  3 orc warriors
  3 ice beasts
  8 black bears
  5 ogres
  2 centaurs (D:8)
  4 phantoms
  9 kobold brigands
  5 bullfrogs
  5 wights (D:6)
  2 scorpions
  23 killer bees
  3 howler monkeys
  2 jellies (D:7)
  2 orc priests (D:8)
  3 hounds
  3 iguanas
  A sleepcap (D:5)
  7 orc wizards
  3 gnolls (D:5)
  4 adders
  2 shadow imps
  A white imp (D:5)
  An ufetubus (D:5)
  A dart slug (D:1)
  21 orcs
  7 ball pythons
  7 endoplasms
  2 giant cockroaches (D:1)
  6 hobgoblins (D:1)
  10 jackals
  2 quokkas
  9 bats
  3 frilled lizards
  A goblin (D:4)
  39 kobolds
  3 rats
241 creatures vanquished.

Notes
Turn   | Place    | Note
-------+----------+-------------------------------------------
     0 | D:1      | qw the Gargoyle Fighter began the quest for the Orb.
     0 | D:1      | Reached XP level 1. HP: 14/14 MP: 1/1
     0 | D:1      | 0 ||| qw: Version: 0.3-a-9-g12657ce
     0 | D:1      | 0 ||| qw: Game counter: 1380
     0 | D:1      | 0 ||| qw: Always use a shield: true
     0 | D:1      | 0 ||| qw: God list: Okawaru
     0 | D:1      | 0 ||| qw: Allow faded altars: false
     0 | D:1      | 0 ||| qw: Do Orc after D:15 true
     0 | D:1      | 0 ||| qw: Do second Lair branch before Depths: true
     0 | D:1      | 0 ||| qw: Lair rune preference: random
     0 | D:1      | 0 ||| qw: Plans: Normal, Zot:1-4, Slime:5, God:TSO, Crypt,
                  | Tomb, Abyss, Pan, Hells, Win
     0 | D:1      | 0 ||| PLANNING D:1-11
    63 | D:1      | Reached XP level 2. HP: 19/19 MP: 2/2
   395 | D:1      | Reached skill level 3 in Axes
   483 | D:1      | Reached XP level 3. HP: 23/23 MP: 3/3
   916 | D:1      | 916 ||| UPGRADING to +0 plate armour.
   926 | D:1      | 926 ||| DROPPING +0 scale mail.
   927 | D:1      | 927 ||| READING scroll labelled BUCRUWK REKLA.
   928 | D:1      | 928 ||| READING scroll labelled ILLIEST NYTEOS.
   929 | D:1      | 929 ||| READING scroll labelled EMU AXILIA.
   930 | D:1      | 930 ||| DRINKING 2 sedimented puce potions.
   930 | D:1      | Gained mutation: You are dopey. (Int -2) [potion of
                  | mutation]
   930 | D:1      | Gained mutation: You have an increased reservoir of magic.
                  | (+10% MP) [potion of mutation]
   930 | D:1      | Gained mutation: You are frail. (-10% HP) [potion of
                  | mutation]
   930 | D:1      | Gained mutation: Your flesh is cold resistant. (rC+)
                  | [potion of mutation]
   931 | D:1      | 931 ||| DRINKING potion of mutation.
   931 | D:1      | Lost mutation: Your flesh is cold resistant. (rC+) [potion
                  | of mutation]
   931 | D:1      | Lost mutation: You are frail. (-10% HP) [potion of
                  | mutation]
   931 | D:1      | Lost mutation: You have an increased reservoir of magic.
                  | (+10% MP) [potion of mutation]
   931 | D:1      | Gained mutation: You are frail. (-10% HP) [potion of
                  | mutation]
   962 | D:2      | 962 ||| STAIRDANCE
   977 | D:2      | 977 ||| READING scroll of enchant armour.
   977 | D:2      | 977 ||| ENCHANTING +0 plate armour.
  1148 | D:2      | 1148 ||| Stepping ~*~*~tactically~*~*~ (stealth).
  1160 | D:2      | Reached XP level 4. HP: 25/25 MP: 4/4
  1173 | D:2      | 1173 ||| DROPPING +0 whip.
  1377 | D:2      | 1377 ||| READING 2 scrolls labelled PIRIGU BEIJIW.
  1395 | D:3      | Found a stormy altar of Qazlal.
  1432 | D:3      | 1432 ||| Stepping ~*~*~tactically~*~*~ (stealth).
  1451 | D:3      | You fall into a shaft and drop 1 floor!
  1509 | D:3      | 1509 ||| DROPPING +0 mace.
  2111 | D:3      | 2111 ||| UPGRADING to +2 tower shield.
  2121 | D:3      | 2121 ||| DROPPING +0 buckler.
  2122 | D:3      | 2122 ||| UPGRADING to +6 ring of strength.
  2123 | D:3      | 2123 ||| READING scroll labelled XEURGH LICUNT.
  2124 | D:3      | 2124 ||| DRINKING 2 orange potions.
  2125 | D:3      | 2125 ||| DRINKING 2 fuming yellow potions.
  2126 | D:3      | 2126 ||| DRINKING 2 smoky clear potions.
  2194 | D:4      | 2194 ||| Stepping ~*~*~tactically~*~*~ (hiding).
  2196 | D:4      | 2196 ||| Stepping ~*~*~tactically~*~*~ (hiding).
  2252 | D:4      | Noticed an ogre
  2259 | D:4      | Killed an ogre
  2260 | D:4      | Reached skill level 4 in Shields
  2260 | D:4      | Reached XP level 5. HP: 28/28 MP: 5/5
  2319 | D:4      | 2319 ||| Stepping ~*~*~tactically~*~*~ (stealth).
  2390 | D:4      | Found a shimmering blue altar of Sif Muna.
  2394 | D:4      | Reached skill level 5 in Shields
  2397 | D:4      | 2397 ||| DRINKING potion of curing.
  2397 | D:4      | 2397 ||| (to cure confusion)
  2401 | D:4      | Reached XP level 6. HP: 33/33 MP: 6/6
  2409 | D:4      | Found an ancient bone altar of Kikubaaqudgha.
  2442 | D:4      | HP: 7/33 [something/puff of flame (5)]
  2548 | D:4      | Found a radiant altar of Vehumet.
  2563 | D:4      | Reached skill level 6 in Shields
  3013 | D:4      | 3013 ||| Stepping ~*~*~tactically~*~*~ (stealth).
  3030 | D:4      | 3030 ||| Stepping ~*~*~tactically~*~*~ (stealth).
  3090 | D:4      | 3090 ||| UPGRADING to +0 helmet.
  3095 | D:4      | 3095 ||| READING scroll labelled UCAYTA BUAG.
  3096 | D:4      | 3096 ||| READING 3 scrolls of identify.
  3096 | D:4      | 3096 ||| IDENTIFYING purple potion
  3097 | D:4      | 3097 ||| READING 2 scrolls of identify.
  3097 | D:4      | 3097 ||| IDENTIFYING metallic pink potion
  3144 | D:5      | Entered Level 5 of the Dungeon
  3193 | D:5      | Found a staircase to the Ecumenical Temple.
  3194 | D:5      | 3194 ||| PLANNING TEMPLE
  3218 | Temple   | Entered the Ecumenical Temple
  3276 | Temple   | 3276 ||| PLANNING OKAWARU WORSHIP
  3333 | Temple   | Became a worshipper of Warmaster Okawaru
  3334 | Temple   | 3334 ||| PLANNING D:1-11
  3420 | D:5      | Paralysed by an orc for 3 turns
  3421 | D:5      | Reached skill level 7 in Shields
  3421 | D:5      | Reached XP level 7. HP: 27/36 MP: 7/7
  3425 | D:5      | 3425 ||| FLEEEEING.
  3426 | D:5      | 3426 ||| FLEEEEING.
  3427 | D:5      | 3427 ||| FLEEEEING.
  3428 | D:5      | 3428 ||| FLEEEEING.
  3429 | D:5      | 3429 ||| FLEEEEING.
  3430 | D:5      | 3430 ||| FLEEEEING.
  3431 | D:5      | 3431 ||| FLEEEEING.
  3432 | D:5      | 3432 ||| FLEEEEING.
  3433 | D:5      | 3433 ||| FLEEEEING.
  3435 | D:5      | 3435 ||| FLEEEEING.
  3436 | D:5      | 3436 ||| FLEEEEING.
  3437 | D:5      | 3437 ||| FLEEEEING.
  3438 | D:5      | 3438 ||| FLEEEEING.
  3439 | D:5      | 3439 ||| FLEEEEING.
  3440 | D:5      | 3440 ||| FLEEEEING.
  3441 | D:5      | 3441 ||| FLEEEEING.
  3442 | D:5      | 3442 ||| FLEEEEING.
  3461 | D:5      | Noticed Menkaure
  3469 | D:5      | Killed Menkaure
  3470 | D:5      | Reached skill level 8 in Shields
  3561 | D:5      | 3561 ||| Stepping ~*~*~tactically~*~*~ (hiding).
  3563 | D:5      | 3563 ||| Stepping ~*~*~tactically~*~*~ (hiding).
  3572 | D:5      | Reached * piety under Okawaru
  3596 | D:5      | 3596 ||| INVOKING Heroism.
  3605 | D:5      | 3605 ||| INVOKING Heroism.
  3607 | D:5      | Reached skill level 1 in Invocations
  3607 | D:5      | Reached XP level 8. HP: 20/41 MP: 4/9
  3618 | D:5      | 3618 ||| INVOKING Heroism.
  3622 | D:5      | Reached skill level 3 in Invocations
  3622 | D:5      | 3622 ||| FLEEEEING.
  3623 | D:5      | 3623 ||| FLEEEEING.
  3624 | D:5      | 3624 ||| FLEEEEING.
  3625 | D:5      | 3625 ||| FLEEEEING.
  3626 | D:5      | 3626 ||| FLEEEEING.
  3627 | D:5      | 3627 ||| FLEEEEING.
  3628 | D:5      | 3628 ||| FLEEEEING.
  3629 | D:5      | 3629 ||| FLEEEEING.
  3630 | D:5      | 3630 ||| FLEEEEING.
  3631 | D:5      | 3631 ||| FLEEEEING.
  3632 | D:5      | 3632 ||| FLEEEEING.
  3633 | D:5      | 3633 ||| FLEEEEING.
  3634 | D:5      | 3634 ||| FLEEEEING.
  3635 | D:5      | 3635 ||| FLEEEEING.
  3636 | D:5      | 3636 ||| FLEEEEING.
  3637 | D:5      | 3637 ||| FLEEEEING.
  3638 | D:5      | 3638 ||| FLEEEEING.
  3639 | D:5      | 3639 ||| FLEEEEING.
  3640 | D:5      | 3640 ||| FLEEEEING.
  3641 | D:5      | 3641 ||| FLEEEEING.
  3642 | D:5      | 3642 ||| FLEEEEING.
  3643 | D:5      | 3643 ||| FLEEEEING.
  3644 | D:5      | 3644 ||| FLEEEEING.
  3645 | D:5      | 3645 ||| FLEEEEING.
  3646 | D:5      | 3646 ||| FLEEEEING.
  3648 | D:5      | 3648 ||| FLEEEEING.
  3649 | D:5      | 3649 ||| FLEEEEING.
  3650 | D:5      | 3650 ||| FLEEEEING.
  3651 | D:5      | 3651 ||| FLEEEEING.
  3652 | D:5      | 3652 ||| FLEEEEING.
  3653 | D:5      | 3653 ||| FLEEEEING.
  3654 | D:5      | 3654 ||| FLEEEEING.
  3655 | D:5      | 3655 ||| FLEEEEING.
  3656 | D:5      | 3656 ||| FLEEEEING.
  3657 | D:5      | 3657 ||| FLEEEEING.
  3658 | D:5      | 3658 ||| FLEEEEING.
  3659 | D:5      | 3659 ||| FLEEEEING.
  3660 | D:5      | 3660 ||| FLEEEEING.
  3661 | D:5      | 3661 ||| FLEEEEING.
  3662 | D:5      | 3662 ||| FLEEEEING.
  3663 | D:5      | 3663 ||| FLEEEEING.
  3664 | D:5      | 3664 ||| FLEEEEING.
  3665 | D:5      | 3665 ||| FLEEEEING.
  3666 | D:5      | 3666 ||| FLEEEEING.
  3667 | D:5      | 3667 ||| FLEEEEING.
  3668 | D:5      | 3668 ||| FLEEEEING.
  3669 | D:5      | 3669 ||| FLEEEEING.
  3670 | D:5      | 3670 ||| FLEEEEING.
  3671 | D:5      | 3671 ||| FLEEEEING.
  3672 | D:5      | 3672 ||| FLEEEEING.
  3673 | D:5      | 3673 ||| FLEEEEING.
  3674 | D:5      | 3674 ||| FLEEEEING.
  3675 | D:5      | 3675 ||| FLEEEEING.
  3676 | D:5      | 3676 ||| FLEEEEING.
  3677 | D:5      | 3677 ||| FLEEEEING.
  3678 | D:5      | 3678 ||| FLEEEEING.
  3679 | D:5      | 3679 ||| FLEEEEING.
  3680 | D:5      | 3680 ||| FLEEEEING.
  3681 | D:5      | 3681 ||| FLEEEEING.
  3682 | D:5      | 3682 ||| STAIRDANCE
  3729 | D:5      | 3729 ||| INVOKING Heroism.
  3734 | D:5      | Reached skill level 9 in Shields
  3823 | D:5      | Found a hide-covered altar of Uskayaw.
  3962 | D:5      | 3962 ||| INVOKING Heroism.
  4037 | D:5      | 4037 ||| Stepping ~*~*~tactically~*~*~ (stealth).
  4067 | D:5      | 4067 ||| READING scroll of enchant weapon.
  4067 | D:5      | 4067 ||| ENCHANTING +1 war axe.
  4257 | D:5      | 4257 ||| READING 2 scrolls labelled WILAPU SIVO.
  4258 | D:5      | 4258 ||| DROPPING scroll of blinking.
  4292 | D:6      | 4292 ||| Stepping ~*~*~tactically~*~*~ (stealth).
  4298 | D:6      | Noticed a yak
  4299 | D:6      | Noticed a yak
  4303 | D:6      | Noticed a yak
  4304 | D:6      | Noticed a yak
  4305 | D:6      | Noticed a yak
  4305 | D:6      | Noticed a yak
  4307 | D:6      | 4307 ||| INVOKING Heroism.
  4312 | D:6      | Killed a yak
  4313 | D:6      | HP: 9/43 [yak (10)]
  4314 | D:6      | Reached skill level 6 in Axes
  4314 | D:6      | 4314 ||| DRINKING potion of heal wounds.
  4316 | D:6      | Killed a yak
  4317 | D:6      | Reached XP level 9. HP: 31/46 MP: 9/12
  4324 | D:6      | Reached skill level 1 in Dodging
  4328 | D:6      | Reached ** piety under Okawaru
  4329 | D:6      | Reached skill level 10 in Shields
  4331 | D:6      | 4331 ||| INVOKING Heroism.
  4412 | D:6      | 4412 ||| READING scroll of enchant weapon.
  4412 | D:6      | 4412 ||| ENCHANTING +2 war axe.
  4614 | D:6      | 4614 ||| INVOKING Heroism.
  4730 | D:6      | Reached skill level 1 in Throwing
  4828 | D:6      | 4828 ||| DROPPING ring of wizardry.
  4829 | D:6      | 4829 ||| READING scroll labelled HIVEAT ODWARGHIT.
  4830 | D:6      | 4830 ||| READING scroll labelled IVUUFO YCONA.
  4831 | D:6      | 4831 ||| READING 2 scrolls labelled ATWEOS VUODOI.
  4834 | D:6      | 4834 ||| READING 2 scrolls of identify.
  4834 | D:6      | 4834 ||| IDENTIFYING fizzy silvery potion
  5033 | D:7      | Found a burning altar of Makhleb.
  5066 | D:7      | 5066 ||| INVOKING Heroism.
  5068 | D:7      | Reached XP level 10. HP: 36/53 MP: 10/13
  5289 | D:7      | Found Titial's Book Shoppe.
  5321 | D:7      | Found a sparkling altar of Nemelex Xobeh.
  5328 | D:7      | Reached *** piety under Okawaru
  5417 | D:7      | Found a shadowy altar of Dithmenos.
  5428 | D:7      | Reached skill level 11 in Shields
  5527 | D:7      | 5527 ||| INVOKING Heroism.
  5573 | D:7      | Found a glowing golden altar of the Shining One.
  5818 | D:7      | 5818 ||| INVOKING Heroism.
  5848 | D:7      | 5848 ||| Stepping ~*~*~tactically~*~*~ (stealth).
  5850 | D:7      | 5850 ||| Stepping ~*~*~tactically~*~*~ (hiding).
  5852 | D:7      | 5852 ||| Stepping ~*~*~tactically~*~*~ (hiding).
  5865 | D:7      | 5865 ||| Stepping ~*~*~tactically~*~*~ (stealth).
  5876 | D:7      | 5876 ||| Stepping ~*~*~tactically~*~*~ (hiding).
  5907 | D:7      | 5907 ||| INVOKING Heroism.
  5908 | D:7      | 5908 ||| Stepping ~*~*~tactically~*~*~ (cloud).
  5918 | D:7      | HP: 9/54 [steam dragon/ball of steam (11)]
  5919 | D:7      | 5919 ||| READING scroll of teleportation.
  5920 | D:7      | 5920 ||| DRINKING potion of heal wounds.
  5925 | D:7      | Reached skill level 6 in Fighting
  6059 | D:7      | 6059 ||| READING scroll labelled OXANYHAYCKO.
  6108 | D:8      | 6108 ||| Stepping ~*~*~tactically~*~*~ (hiding).
  6111 | D:8      | 6111 ||| Stepping ~*~*~tactically~*~*~ (hiding).
  6133 | D:8      | 6133 ||| Stepping ~*~*~tactically~*~*~ (stealth).
  6135 | D:8      | 6135 ||| Stepping ~*~*~tactically~*~*~ (hiding).
  6137 | D:8      | 6137 ||| Stepping ~*~*~tactically~*~*~ (hiding).
  6209 | D:8      | 6209 ||| INVOKING Heroism.
  6241 | D:8      | 6241 ||| Stepping ~*~*~tactically~*~*~ (hiding).
  6243 | D:8      | 6243 ||| Stepping ~*~*~tactically~*~*~ (hiding).
  6244 | D:8      | 6244 ||| Stepping ~*~*~tactically~*~*~ (hiding).
  6245 | D:8      | 6245 ||| Stepping ~*~*~tactically~*~*~ (hiding).
  6246 | D:8      | 6246 ||| Stepping ~*~*~tactically~*~*~ (hiding).
  6255 | D:8      | 6255 ||| INVOKING Heroism.
  6425 | D:8      | 6425 ||| Stepping ~*~*~tactically~*~*~ (hiding).
  6435 | D:8      | 6435 ||| Stepping ~*~*~tactically~*~*~ (stealth).
  6437 | D:8      | 6437 ||| INVOKING Heroism.
  6553 | D:8      | Found a hazy altar of Hepliaklqana.
  6671 | D:8      | Noticed a two-headed ogre
  6672 | D:8      | 6672 ||| INVOKING Heroism.
  6682 | D:8      | Killed a two-headed ogre
  6683 | D:8      | Reached skill level 9 in Axes
  6918 | D:8      | Found a shimmering altar of Xom.
  6918 | D:8      | Found a bloodstained altar of Trog.
  6919 | D:8      | Found a white marble altar of Elyvilon.
  7064 | D:8      | 7064 ||| Stepping ~*~*~tactically~*~*~ (stealth).
  7109 | D:9      | Noticed a kobold demonologist
  7110 | D:9      | Noticed a kobold demonologist
  7116 | D:9      | Noticed a sun demon
  7116 | D:9      | 7116 ||| INVOKING Heroism.
  7119 | D:9      | Noticed a boulder beetle
  7124 | D:9      | Killed a kobold demonologist
  7131 | D:9      | Killed a kobold demonologist
  7142 | D:9      | 7142 ||| INVOKING Heroism.
  7147 | D:9      | Reached XP level 11. HP: 52/57 MP: 11/14
  7169 | D:9      | 7169 ||| INVOKING Heroism.
  7170 | D:9      | Killed a boulder beetle
  7170 | D:9      | Reached **** piety under Okawaru
  7171 | D:9      | Reached skill level 12 in Shields
  7291 | D:9      | Found a broken altar of Ashenzari.
  7383 | D:9      | 7383 ||| INVOKING Heroism.
  7476 | D:9      | 7476 ||| Stepping ~*~*~tactically~*~*~ (stealth).
  7482 | D:9      | 7482 ||| Stepping ~*~*~tactically~*~*~ (stealth).
  7697 | D:9      | Noticed a two-headed ogre
  7698 | D:9      | 7698 ||| INVOKING Heroism.
  7710 | D:9      | Killed a two-headed ogre
  7757 | D:9      | 7757 ||| INVOKING Heroism.
  7760 | D:9      | 7760 ||| Stepping ~*~*~tactically~*~*~ (cloud).
  7765 | D:9      | 7765 ||| Stepping ~*~*~tactically~*~*~ (cloud).
  7766 | D:9      | 7766 ||| Stepping ~*~*~tactically~*~*~ (cloud).
  7884 | D:9      | Found a staircase to the Lair.
  7885 | D:9      | 7885 ||| INVOKING Heroism.
  8060 | D:9      | 8060 ||| PLANNING LAIR
  8094 | Lair:1   | Entered Level 1 of the Lair of Beasts
  8141 | Lair:1   | 8141 ||| Stepping ~*~*~tactically~*~*~ (hiding).
  8143 | Lair:1   | 8143 ||| Stepping ~*~*~tactically~*~*~ (hiding).
  8153 | Lair:1   | 8153 ||| Stepping ~*~*~tactically~*~*~ (stealth).
  8169 | Lair:1   | Reached skill level 6 in Invocations
  8197 | Lair:1   | 8197 ||| Stepping ~*~*~tactically~*~*~ (stealth).
  8198 | Lair:1   | 8198 ||| Stepping ~*~*~tactically~*~*~ (stealth).
  8338 | Lair:1   | 8338 ||| INVOKING Heroism.
  8686 | Lair:1   | 8686 ||| READING 2 scrolls of identify.
  8686 | Lair:1   | 8686 ||| IDENTIFYING smoky silvery potion
  8779 | Lair:2   | 8779 ||| INVOKING Heroism.
  8793 | Lair:2   | Reached skill level 6 in Armour
  8799 | Lair:2   | Reached ***** piety under Okawaru
  8840 | Lair:2   | 8840 ||| Stepping ~*~*~tactically~*~*~ (hiding).
  8991 | Lair:2   | Noticed an eight-headed hydra
  8992 | Lair:2   | 8992 ||| INVOKING Heroism.
  8994 | Lair:2   | 8994 ||| SWAPPING to +0 flail.
  8998 | Lair:2   | HP: 13/60 [eight-headed hydra (6)]
  8998 | Lair:2   | HP: 3/60 [eight-headed hydra (10)]
  8998 | Lair:2   | HP: 1/60 [eight-headed hydra (2)]
  8999 | Lair:2   | 8999 ||| READING 2 scrolls of teleportation.
  8999 | Lair:2   | Mangled by an eight-headed hydra

Levels and vault maps discovered:
D:1:      dpeg_arrival_simpleton_b, layout_loops_corners,
          hangedman_abyss_or_decor_lesser_grid
D:2:      layout_rooms
D:3:      layout_basic, nicolae_overflow_crystal_walls
D:4:      layout_cave_pods, palyth_temple_overflow_mages, dk_noncrumbling_2
D:5:      layout_loops_ring, nicolae_uskayaw_suspiria, minmay_temple_entry_grid,
          minmay_fractal_squares_5, uniq_menkaure
D:6:      layout_rooms, corner_web_ring, hangedman_decor_opposing
D:7:      layout_gridville, nemelex_dance_club_becter, bloody_makhleb,
          grunt_dithmenos_shadows, lemuel_tele_altar, serial_shops,
          kennysheep_mini
D:8:      hellmonk_crumbling_castle, layout_loops_ring,
          lemuel_coloured_pillars_altar, gammafunk_temple_overflow_forgotten
D:9:      layout_irregular_city, mainiacjoe_overflow_catwalk,
          grunt_lair_entry_orc_guard_hut, minmay_stone_trees_small
Temple:   nicolae_temple_two_arcs
Lair:1:   layout_misc_corridors
Lair:2:   beast_lair_carwin_large_3, layout_layer_cave, enter_volcano_3,
          uniq_nergalle

Skill      XL: |  1  2  3  4  5  6  7  8  9 10 11 |
---------------+----------------------------------+-----
Axes           | 2 3 4 5 6 7 9 10 | 10.0
Shields        | 4 5 7 8 9 10 11 12 | 12.4
Invocations    | 1 4 7 |  7.2
Fighting       | 4 5 6 7 |  7.0
Dodging        | 1 |  1.4
Armour         | 4 5 6 |  6.0
Throwing       | 1 |  1.2

Action                     |  1- 3 |  4- 6 |  7- 9 | 10-12 || total
---------------------------+-------+-------+-------+-------++-------
  Melee: War axe           |   120 |   172 |   177 |   361 ||   830
         Flail             |       |       |       |     4 ||     4
  Throw: Boomerang         |       |    31 |    32 |    55 ||   118
 Invoke: Heroism           |       |       |     9 |    17 ||    26
    Use: Scroll            |     4 |     5 |     7 |     4 ||    20
         Potion            |     2 |     4 |     1 |     1 ||     8
 Armour: Scale mail        |    42 |       |       |       ||    42
         Plate armour      |    32 |   118 |   121 |   178 ||   449
  Dodge: Dodged            |    37 |    38 |    44 |    78 ||   197
  Block: Buckler           |    23 |    14 |       |       ||    37
         Tower shield      |       |    82 |   206 |   397 ||   685

Table legend:
 A = Non-vault XP
 B = Vault XP
 C = Vault XP percentage of total XP
 D = Non-vault monster count
 E = Vault monster count
 F = Vault count percentage of total count
                 A         B        C        D         E       F
            +---------+---------+-------+---------+---------+-------
      Total |   13176 |    3133 |  19.2 |     212 |      29 |  12.0
            +---------+---------+-------+---------+---------+-------
        D:1 |      51 |       0 |   0.0 |      29 |       0 |   0.0
        D:2 |      40 |       0 |   0.0 |      11 |       0 |   0.0
        D:3 |      39 |       0 |   0.0 |      14 |       0 |   0.0
        D:4 |     147 |     177 |  54.6 |      15 |       5 |  25.0
        D:5 |     656 |     661 |  50.2 |      17 |       8 |  32.0
        D:6 |    2397 |       0 |   0.0 |      26 |       0 |   0.0
        D:7 |    1736 |     220 |  11.2 |      31 |       3 |   8.8
        D:8 |    2174 |       0 |   0.0 |      24 |       0 |   0.0
        D:9 |    4198 |     526 |  11.1 |      38 |       5 |  11.6
     Lair:1 |    1353 |       0 |   0.0 |       6 |       0 |   0.0
     Lair:2 |     385 |    1549 |  80.1 |       1 |       8 |  88.9
            +---------+---------+-------+---------+---------+-------
